 Dungeon Crawl Stone Soup version 0.22.0-21-g8bd1b0a76a (webtiles) character file.

424 Kniotic the Cleaver (level 6, 0/51 HPs)
             Began as a Minotaur Berserker on Aug 19, 2018.
             Was a Believer of Trog.
             Slain by a sky beast (5 damage)
             ... on level 4 of the Dungeon.
             The game lasted 00:02:59 (2953 turns).

Kniotic the Cleaver (Minotaur Berserker)            Turns: 2953, Time: 00:02:59

Health: 0/51       AC:  4    Str: 23    XL:     6   Next: 64%
Magic:  5/5        EV: 12    Int:  4    God:    Trog [**....]
Gold:   185        SH:  0    Dex: 10    Spells: 5/5 levels left

rFire    . . .     SeeInvis .   i - +1 hand axe (flame)
rCold    . . .     Gourm    .   (no shield)
rNeg     . . .     Faith    .   m - +1 leather armour "Gixtas" {MR+}
rPois    .         Spirit   .   (helmet restricted)
rElec    .         Reflect  .   (no cloak)
rCorr    .         Harm     .   (no gloves)
MR       +++..                  (no boots)
Stlth    +.........             (no amulet)
HPRegen  1.17/turn              (no ring)
MPRegen  0.09/turn              (no ring)

@: regenerating
A: retaliatory headbutt, horns 2
a: Berserk, Trog's Hand, Renounce Religion


You were on level 4 of the Dungeon.
You worshipped Trog.
Trog was pleased with you.
You were hungry.

You visited 1 branch of the dungeon, and saw 5 of its levels.

You collected 185 gold pieces.

Inventory:

Hand Weapons
 i - a +1 hand axe of flaming (weapon)
Armour
 m - the +1 leather armour "Gixtas" (worn) {MR+}
   (You found it on level 4 of the Dungeon)

   It affects your resistance to hostile enchantments.
Scrolls
 d - 5 scrolls of remove curse
 e - 5 scrolls of teleportation {unknown}
 g - 3 scrolls of blinking {unknown}
 h - 3 scrolls of identify
 k - a scroll of fear {unknown}
 l - a scroll of amnesia {unknown}
 n - a scroll of fog {unknown}
Potions
 a - a potion of curing {unknown}
 b - a potion of brilliance {unknown}
 j - a potion of invisibility {unknown}
Comestibles
 c - 8 rations
 f - 3 chunks of flesh


   Skills:
 - Level 3.6 Fighting
 + Level 9.1 Axes
 - Level 2.4 Armour
 - Level 2.1 Dodging


You had 5 spell levels left.
You didn't know any spells.
Your spell library was empty.

Dungeon Overview and Level Annotations

Branches:
Dungeon (5/15)             Temple (0/1) D:4

Altars:
Cheibriados
Makhleb
Nemelex Xobeh
Qazlal


Innate Abilities, Weirdness & Mutations

You reflexively headbutt those who attack you in melee.
You have a pair of horns on your head.


Message History

The centaur shoots an arrow.
The arrow hits you!
* * * LOW HITPOINT WARNING * * *
There is a stone staircase leading up here.
You see here an arrow.
The centaur shoots an arrow.
Something hits you but does no damage.
Some of the chunks of flesh in your inventory have rotted away.
You climb upwards.
There is a stone staircase leading down here.
You start resting.
Something hits you.
* * * LOW HITPOINT WARNING * * *
Something shocks you.
* * * LOW HITPOINT WARNING * * *
Okay, then.
Your skin crawls.
You feel resistant to hostile enchantments.
You are feeling hungry.
Something hits you.
* * * LOW HITPOINT WARNING * * *
Something shocks you.
You die...

#..........#........#
#....(............###
#.....####.....#### #######
#.....# #....####
############.#.....#
..........÷.....##.##############
..#...#.÷÷#.##..<#.##≈≈≈≈≈≈≈≈≈≈≈#
............##..@..##≈≈≈≈≈≈≈≈≈≈≈#
..#...#...####.#.####≈≈≈≈≈≈≈≈≈≈≈#
...........# #......#≈≈≈#####≈≈≈#
############ ######.#####...#≈≈≈#
#.......>.#≈≈≈# #######...#≈≈≈#
#≈≈≈#####≈≈≈# #≈≈≈≈≈≈≈≈≈≈≈#
#≈≈≈≈≈≈≈≈≈≈≈#


There were no monsters in sight!

Vanquished Creatures
  A phantom (D:4)
  A bullfrog (D:3)
  A centaur skeleton (D:4)
  An orc priest (D:4)
  2 iguanas (D:4)
  A worker ant (D:4)
  7 adders
  3 worms
  A dart slug (D:3)
  A leopard gecko (D:3)
  3 orcs
  3 bats
  3 giant cockroaches (D:3)
  7 goblins
  8 hobgoblins
  8 jackals
  9 kobolds
  A quokka (D:2)
  2 ball pythons
  8 frilled lizards
  A leopard gecko skeleton (D:4)
  3 rats (D:3)
75 creatures vanquished.

Notes
Turn   | Place    | Note
-------+----------+-------------------------------------------
     0 | D:1      | Kniotic the Minotaur Berserker began the quest for the Orb.
     0 | D:1      | Reached XP level 1. HP: 19/19 MP: 0/0
   145 | D:1      | Reached skill level 4 in Axes
   194 | D:1      | Reached XP level 2. HP: 25/26 MP: 1/1
   564 | D:2      | Found a burning altar of Makhleb.
   596 | D:2      | Reached skill level 5 in Axes
   596 | D:2      | Reached XP level 3. HP: 26/31 MP: 2/2
   778 | D:2      | Found a sparkling altar of Nemelex Xobeh.
  1062 | D:3      | Noticed a bullfrog
  1065 | D:3      | Killed a bullfrog
  1065 | D:3      | Reached skill level 6 in Axes
  1065 | D:3      | Reached XP level 4. HP: 37/39 MP: 3/3
  1086 | D:3      | Reached ** piety under Trog
  1103 | D:3      | Found a snail-covered altar of Cheibriados.
  1215 | D:3      | Reached XP level 5. HP: 43/45 MP: 4/4
  1243 | D:3      | Reached skill level 7 in Axes
  2191 | D:4      | Got a faintly humming leather armour
  2208 | D:4      | Reached skill level 8 in Axes
  2240 | D:4      | Identified the cursed +1 leather armour "Gixtas" {MR+} (You found it on level 4 of the Dungeon)
  2280 | D:4      | Reached XP level 6. HP: 40/51 MP: 5/5
  2535 | D:4      | Reached skill level 9 in Axes
  2847 | D:4      | Found a staircase to the Ecumenical Temple.
  2894 | D:4      | Found a stormy altar of Qazlal.
  2935 | D:5      | Entered Level 5 of the Dungeon
  2936 | D:5      | Noticed a sky beast
  2953 | D:4      | Slain by a sky beast

Skill      XL: |  1  2  3  4  5  6 |
---------------+-------------------+-----
Axes           | 4 5 6 8 9 |  9.1
Fighting       | |  3.6
Armour         | |  2.4
Dodging        | |  2.1

Action                   |  1- 3 |  4- 6 || total
-------------------------+-------+-------++-------
Melee: Hand axe          |    53 |    94 ||   147
       Headbutt          |     7 |    15 ||    22
Invok: Trog's Hand       |       |     1 ||     1
  Use: Scroll            |       |     3 ||     3
  Eat: Chunk             |       |     6 ||     6
Armor: Animal skin       |    11 |     5 ||    16
       Leather armour    |       |     9 ||     9
Dodge: Dodged            |    39 |    45 ||    84
